 Dungeon Crawl Stone Soup version 0.29.1 (webtiles) character file.

Game seed: 14733083500823408258

22 qw the Shield-Bearer (level 2, 0/19 HPs)
             Began as a Gargoyle Fighter on Sept 13, 2022.
             Slain by Terence
             ... wielding a +1 hand axe of electrocution
              (4 damage)
             ... on level 2 of the Dungeon.
             The game lasted 00:00:15 (510 turns).

qw the Shield-Bearer (Gargoyle Fighter)              Turns: 510, Time: 00:00:16

Health: 0/19       AC:  9    Str: 19    XL:     2   Next: 91%
Magic:  2/2        EV:  9    Int:  8    God:
Gold:   51         SH:  4    Dex:  9    Spells: 1/1 levels left

rFire   . . .      SeeInvis .   a - +0 war axe
rCold   . . .      Faith    .   c - +0 buckler
rNeg    + . .      Spirit   .   b - +0 scale mail
rPois   inf        Reflect  .   (no helmet)
rElec   +          Harm     .   (no cloak)
rCorr   .          Rampage  .   (no gloves)
Will    .....                   (no boots)
Stlth   ..........              (no amulet)
HPRegen 0.06/turn               (no ring)
MPRegen 0.08/turn               (no ring)

@: no status effects
A: sickness immunity, AC +2, negative energy resistance 1, electricity
resistance, torment resistance 1, petrification resistance
a: no special abilities


You were on level 2 of the Dungeon.
You visited 1 branch of the dungeon, and saw 2 of its levels.

You collected 51 gold pieces.


Innate Abilities, Weirdness & Mutations

You are immune to sickness and miasma.
Your stone body is resilient. (AC +2)
You are immune to poison.
You resist negative energy. (rN+)
You are resistant to electric shocks. (rElec)
You are resistant to unholy torment.
You are immune to petrification.


   Skills:
 - Level 3.2 Fighting
 + Level 3.0 Axes
 - Level 3.2 Armour
 - Level 3.2 Shields


You had one spell level left.
You didn't know any spells.
Your spell library was empty.

Inventory:

Hand Weapons
 a - a +0 war axe (weapon)
 h - a +0 club
Armour
 b - a +0 scale mail (worn)
 c - a +0 buckler (worn)
Jewellery
 g - a ring of ice
Scrolls
 e - a scroll of identify {unknown}
 f - a scroll of enchant weapon {unknown}
 i - a scroll of brand weapon {unknown}
Potions
 d - 2 potions of might
 j - 2 potions of curing {unknown}

Dungeon Overview and Level Annotations

Branches:
Dungeon (1/15)

Altars:

Annotations:
D:2 Terence


Message History

Terence is lightly wounded.
Terence closely misses you.
You closely miss Terence.
Terence is lightly wounded.
You block Terence's attack. Terence barely misses you.
You closely miss Terence.
Terence is lightly wounded.
Terence hits you with a +1 hand axe of electrocution.
You hit Terence.
Terence is lightly wounded.
Terence hits you but does no damage. x2
You barely miss Terence.
Terence is lightly wounded.
A bat comes into view.
Terence hits you but does no damage.
You completely miss Terence.
Terence is lightly wounded.
Terence hits you with a +1 hand axe of electrocution.
You hit Terence but do no damage.
Terence is lightly wounded.
Terence hits you with a +1 hand axe of electrocution.
Terence barely misses you.
You hit Terence.
Terence is heavily wounded.
You completely miss the bat. The bat hits you but does no damage. x3
Terence hits you with a +1 hand axe of electrocution.
You hit Terence but do no damage.
Terence is heavily wounded.
You slash the bat!
You kill the bat!
You block Terence's attack.
You barely miss Terence.
Terence is heavily wounded.
Terence hits you with a +1 hand axe of electrocution.
Terence hits you but does no damage.
You barely miss Terence.
Terence is heavily wounded.
Terence hits you with a +1 hand axe of electrocution.
You die...

#......# #.##.#
#......####.##.####
#...>..............
###.......##.###.#...
#.........##.###.#
#.....###......#.#
#.)...# ####.#.#.###
#.....# #........
####### #@#######
......@.# ........#
......$.# ........#
......... ~~~.~~~~~
##~.~###~


You could see Terence.

Vanquished Creatures
  2 dart slugs (D:1)
  3 bats
  2 endoplasms (D:1)
  4 hobgoblins (D:1)
  A quokka (D:1)
  A ball python (D:1)
  2 kobolds (D:1)
  2 rats (D:1)
17 creatures vanquished.

Vanquished Creatures (others)
  4 withered plants (D:1)
4 creatures vanquished.

Grand Total: 21 creatures vanquished

Notes
Turn   | Place    | Note
-------+----------+-------------------------------------------
     0 | D:1      | qw the Gargoyle Fighter began the quest for the Orb.
     0 | D:1      | Reached XP level 1. HP: 14/14 MP: 1/1
     0 | D:1      | 0 ||| qw: Version: 0.1-a-119-g272c26d
     0 | D:1      | 0 ||| qw: Game counter: 11080
     0 | D:1      | 0 ||| qw: Always use a shield: true
     0 | D:1      | 0 ||| qw: God list: Okawaru
     0 | D:1      | 0 ||| qw: Allow faded altars: false
     0 | D:1      | 0 ||| qw: Do Orc after D:15 true
     0 | D:1      | 0 ||| qw: Do second Lair branch before Depths: true
     0 | D:1      | 0 ||| qw: Lair rune preference: random
     0 | D:1      | 0 ||| qw: Plans: Normal, Zot, God:TSO, Crypt, Tomb, Pan,
                  | Slime, Hells, Zig, Abyss, Orb
     0 | D:1      | 0 ||| PLANNING D:1-11
   254 | D:1      | Reached XP level 2. HP: 19/19 MP: 2/2
   356 | D:1      | Found a faded altar of an unknown god.
   441 | D:1      | 441 ||| Stepping ~*~*~tactically~*~*~ (hiding).
   463 | D:1      | Reached skill level 3 in Axes
   463 | D:1      | You fall into a shaft and drop 1 floor!
   497 | D:2      | Noticed Terence
   509 | D:2      | HP: 4/19 [Terence/+1 hand axe of electrocution (6)]
   510 | D:2      | Slain by Terence

Levels and vault maps discovered:
D:1:      sevenhm_arrival_forest_fort_large_4, layout_basic,
          ebering_ecumenical_altar_petrified
D:2:      layout_basic, minmay_misc_feat_ornament, kennysheep_boxes,
          uniq_terence

Skill      XL: |  1  2 |
---------------+-------+-----
Axes           | 2 3 |  3.0
Fighting       | |  3.2
Armour         | |  3.2
Shields        | |  3.2

Action                   || total
-------------------------++-------
Melee: War axe           ||    45
Armor: Scale mail        ||    30
Dodge: Dodged            ||    23
Block: Buckler           ||    10

Table legend:
 A = Non-vault XP
 B = Vault XP
 C = Vault XP percentage of total XP
 D = Non-vault monster count
 E = Vault monster count
 F = Vault count percentage of total count
                 A         B        C        D         E       F
            +---------+---------+-------+---------+---------+-------
      Total |      32 |       0 |   0.0 |      17 |       0 |   0.0
            +---------+---------+-------+---------+---------+-------
        D:1 |      30 |       0 |   0.0 |      16 |       0 |   0.0
        D:2 |       2 |       0 |   0.0 |       1 |       0 |   0.0
            +---------+---------+-------+---------+---------+-------
